 Dungeon Crawl Stone Soup version 0.21-a0-525-ga34b322 (webtiles) character file.

9255 robertstho the Thaumaturge (level 11, -4/64 HPs)
             Began as a Deep Elf Wizard on Dec 8, 2017.
             Was an Elder of Vehumet.
             Slain by a deep elf knight
             ... wielding a +0 long sword
              (10 damage)
             ... on level 11 of the Dungeon.
             The game lasted 01:22:54 (11273 turns).

robertstho the Thaumaturge (Deep Elf Wizard)       Turns: 11273, Time: 01:22:57

Health: -4/64      AC: 10    Str:  6    XL:     11   Next: 20%
Magic:  35/39      EV: 13    Int: 27    God:    Vehumet [****..]
Gold:   465        SH:  0    Dex: 13    Spells: 9/37 levels left

rFire    + + .     SeeInvis .   E - staff of fire
rCold    . . .     Gourm    .   (no shield)
rNeg     . . .     Faith    .   B - +2 leather armour {rF+}
rPois    .         Spirit   .   b - +0 hat
rElec    .         Reflect  .   F - scarf {repulsion}
rCorr    +         Harm     .   H - +2 pair of gloves
MR       +....                  G - +1 pair of boots of Watchfulness {rCorr Str+2}
Stlth    ++........             m - amulet of magic regeneration
HPRegen  0.20/turn              k - ring of wizardry
MPRegen  0.51/turn              M - ring of magical power

@: slowed, repel missiles, very slow
A: no striking features
a: Renounce Religion


You were on level 11 of the Dungeon.
You worshipped Vehumet.
Vehumet was greatly pleased with you.
You were very hungry.

You visited 1 branch of the dungeon, and saw 11 of its levels.

You collected 754 gold pieces.
You spent 289 gold pieces at shops.

Inventory:

Hand Weapons
 j - a +0 hand axe
 s - a +0 quarterstaff
 L - the +1 arbalest of Faefefyama {speed, Str+3}
   (You found it on level 7 of the Dungeon)

   Attacks with this weapon are significantly faster.
   It affects your strength (+3).
 T - a +2 hunting sling of freezing
 U - a +2 demon trident of draining
 Z - a +2 dire flail of protection
Missiles
 n - 108 bolts
 v - 369 stones (quivered)
Armour
 b - a +0 hat (worn)
 B - a +2 leather armour of fire resistance (worn)
 F - a scarf of repulsion (worn)
 G - the +1 pair of boots of Watchfulness (worn) {rCorr Str+2}
   (You bought it in a shop on level 5 of the Dungeon)

   It affects your strength (+2).
   It protects you from acid and corrosion.
 H - a +2 pair of gloves (worn)
Magical Staves
 E - an uncursed staff of fire (weapon)
 Q - an uncursed staff of poison
Jewellery
 k - a ring of wizardry (left hand)
 m - an amulet of magic regeneration (around neck)
 t - a +4 ring of evasion
 u - a +2 ring of slaying {unknown}
 D - an uncursed ring of resist corrosion
 M - a ring of magical power (right hand)
 R - a +4 ring of protection
 W - an uncursed ring of teleportation
Wands
 w - a wand of paralysis (13)
 C - a wand of enslavement (10)
 I - a wand of disintegration (10)
 J - a wand of scattershot (2)
 S - a wand of digging (11)
Scrolls
 a - a scroll of brand weapon {unknown}
 e - a scroll of random uselessness {unknown}
 i - 2 scrolls of enchant weapon {unknown}
 l - 8 scrolls of teleportation {unknown}
 q - 4 scrolls of remove curse
 y - a scroll of identify
 A - a scroll of fog {unknown}
 K - 2 scrolls of amnesia
 O - 2 scrolls of enchant armour
 Y - a scroll of fear
Potions
 f - a potion of curing
 g - a potion of flight
 h - 2 potions of agility
 r - 3 potions of resistance
 N - a potion of cancellation
 X - 2 potions of brilliance
Books
 c - a book of Minor Magic

   Spells                             Type                      Level
   a - Magic Dart                     Conjuration                  1
   b - Blink                          Translocation                2
   c - Call Imp                       Summoning                    2
   d - Slow                           Hexes                        2
   e - Conjure Flame                  Conjuration/Fire             3
   f - Mephitic Cloud                 Conjuration/Poison/Air       3
 o - a book of Cantrips

   Spells                             Type                      Level
   a - Confusing Touch                Hexes                        1
   b - Animate Skeleton               Necromancy                   1
   c - Summon Small Mammal            Summoning                    1
   d - Apportation                    Translocation                1
 P - a book of Maledictions

   Spells                             Type                      Level
   a - Corona                         Hexes                        1
   b - Ensorcelled Hibernation        Hexes/Ice                    2
   c - Confuse                        Hexes                        3
   d - Tukima's Dance                 Hexes                        3
   e - Dazzling Spray                 Conjuration/Hexes            3
Comestibles
 d - 10 bread rations
 p - 13 fruits
 z - 6 meat rations


   Skills:
 * Level 5.9 Fighting
 + Level 0.2 Axes
 * Level 4.6 Staves
 + Level 4.3 Crossbows
 + Level 1.7 Armour
 + Level 3.8 Dodging
 - Level 2.5 Stealth
 * Level 13.6 Spellcasting
 + Level 6.3 Conjurations
 + Level 0.3 Hexes
 + Level 1.7 Summonings
 + Level 2.9 Translocations
 + Level 1.7 Transmutations
 + Level 5.1 Fire Magic
 + Level 1.0 Ice Magic
 + Level 2.3 Air Magic
 + Level 3.2 Poison Magic


You had 9 spell levels left.
You knew the following spells:

 Your Spells              Type           Power        Failure   Level  Hunger
a - Magic Dart            Conj           ####         1%          1    None
b - Blink                 Tloc           N/A          1%          2    None
c - Call Imp              Summ           ####....     1%          2    None
d - Conjure Flame         Conj/Fire      ######..     1%          3    None
e - Mephitic Cloud        Conj/Pois/Air  #####...     1%          3    None
f - Flame Tongue          Conj/Fire      #####        1%          1    None
g - Ensorcelled Hibernat  Hex/Ice        ###...       1%          2    None
h - Tukima's Dance        Hex            ###.....     4%          3    None
i - Ignite Poison         Fire/Tmut/Pois ######..     1%          3    None
j - Olgreb's Toxic Radia  Pois           #####...     1%          4    None
k - Fulminant Prism       Conj/Hex       #####.....   1%          4    None


Dungeon Overview and Level Annotations

Branches:
Dungeon (11/15)            Temple (0/1) D:6            Lair (0/6) D:8
    Orc (0/2) D:10

Altars:
Cheibriados
Dithmenos
Hepliaklqana
Okawaru
Trog
Vehumet
Xom
Yredelemnul
Zin
The Shining One
Beogh

Shops:
D:5 =![}

Annotations:
D:5 potion shop nw
D:11 Erica, Joseph, Snorg


Message History

Confirm with . or Enter, or press ? or * to list all spells.
You blink.
The deep elf knight hits you with a long sword!
Joseph shoots a sling bullet.
The sling bullet hits you!
* * * LOW HITPOINT WARNING * * *
You feel much better.
The deep elf knight gestures at you while chanting.
The shard of ice hits you!
* * * LOW HITPOINT WARNING * * *
The orc knight hits you with a scimitar!
* * * LOW HITPOINT WARNING * * *
The deep elf knight misses you.
As you read the scroll labeled DURENAOQUQ, it crumbles to dust.
You assume a fearsome visage.
Joseph looks frightened!
The orc knight looks frightened!
Erica resists with almost no effort.
The deep elf knight resists with almost no effort.
Snorg looks frightened!
It was a scroll of fear.
Snorg howls in fear.
The deep elf knight hits you with a long sword!
You die...

#.#.###(#.# +......
#...ยง.#.>.# #......
########..# ####+##
####.....####### #...
#.=./..........# #######
...............# #......
......@.......###......
..###...eo...^.'.#.....)
..#(#.%@@......#.#......
..###..........#.#......
.......T...((#.'......
............$$.###<.....
##.............# #......
############### #######


You could see Snorg (fleeing), an orc knight (fleeing), Joseph (fleeing), Erica,
a deep elf knight and an enchanted demon blade.

Vanquished Creatures
  A centaur warrior (D:8)
  2 two-headed ogres
  An unseen horror (D:8)
  An ugly thing (D:11)
  3 gargoyles
  A merfolk (D:10)
  A troll (D:9)
  A hippogriff (D:11)
  2 wyverns
  A wraith (D:11)
  A phantom (D:5)
  3 ice beasts
  8 orc warriors
  2 necrophages
  A black bear (D:8)
  A sky beast (D:10)
  An ogre (D:9)
  5 centaurs
  2 big kobolds
  A bullfrog (D:11)
  A wyvern skeleton (D:10)
  A scorpion (D:5)
  6 killer bees (D:7)
  2 howler monkeys
  3 crimson imps
  3 centaur zombies
  5 hounds
  3 quasits
  A jelly (D:10)
  11 orc priests
  3 bullfrog skeletons
  2 centaur skeletons
  9 orc wizards
  3 iguanas
  9 worker ants
  2 hound zombies
  A hound skeleton (D:4)
  A howler monkey zombie (D:9)
  A worker ant zombie (D:11)
  Robin (D:3)
  4 gnolls (D:3)
  7 adders
  3 shadow imps
  6 oozes
  3 adder skeletons
  2 worms
  A dart slug (D:4)
  2 leopard geckos
  46 orcs
  3 ball pythons
  4 giant cockroaches
  13 goblins
  5 hobgoblins
  20 jackals
  10 kobolds
  3 quokkas
  6 bats
  4 frilled lizards
  A quokka skeleton (D:4)
  16 rats
266 creatures vanquished.

Vanquished Creatures (collateral kills)
  Grinder (D:6)
  An orc warrior (D:10)
  A worm (D:1)
  An orc (D:10)
  4 giant cockroaches (D:1)
  4 hobgoblins (D:3)
  A jackal (D:3)
  5 goblins (D:3)
  A rat (D:1)
19 creatures vanquished.

Vanquished Creatures (others)
  A dancing weapon (D:10)
1 creature vanquished.

Grand Total: 286 creatures vanquished

Notes
Turn   | Place    | Note
-------+----------+-------------------------------------------
     0 | D:1      | robertstho the Deep Elf Wizard began the quest for the Orb.
     0 | D:1      | Reached XP level 1. HP: 10/10 MP: 7/7
     1 | D:1      | Found a runed door.
   520 | D:1      | Reached skill level 5 in Spellcasting
   520 | D:1      | Reached XP level 2. HP: 14/15 MP: 8/10
   565 | D:1      | Learned a level 2 spell: Blink
   568 | D:1      | Learned a level 2 spell: Call Imp
   987 | D:1      | Reached XP level 3. HP: 16/20 MP: 0/11
  1451 | D:2      | Found an iron altar of Okawaru.
  1742 | D:2      | Learned a level 3 spell: Conjure Flame
  1746 | D:2      | Learned a level 3 spell: Mephitic Cloud
  1982 | D:2      | Reached XP level 4. HP: 24/24 MP: 9/13
  2239 | D:3      | Reached skill level 6 in Spellcasting
  2355 | D:3      | Found a glowing silver altar of Zin.
  2356 | D:3      | Found a shadowy altar of Dithmenos.
  2644 | D:3      | Reached XP level 5. HP: 20/28 MP: 4/16
  2792 | D:3      | Found a radiant altar of Vehumet.
  2845 | D:3      | Reached skill level 1 in Fighting
  2862 | D:3      | Became a worshipper of Vehumet
  2919 | D:3      | Found a faded altar of an unknown god.
  3275 | D:3      | Noticed Robin
  3286 | D:3      | Reached skill level 7 in Spellcasting
  3287 | D:3      | Killed Robin
  3288 | D:3      | Reached * piety under Vehumet
  3288 | D:3      | Offered knowledge of Flame Tongue by Vehumet.
  3321 | D:3      | Learned a level 1 spell: Flame Tongue
  3597 | D:4      | Reached XP level 6. HP: 13/34 MP: 0/18
  3877 | D:4      | Found a glowing golden altar of the Shining One.
  3971 | D:4      | Found a basalt altar of Yredelemnul.
  4291 | D:5      | Entered Level 5 of the Dungeon
  4307 | D:5      | Reached skill level 1 in Fire Magic
  4405 | D:5      | Found a transporter.
  4427 | D:5      | Reached skill level 8 in Spellcasting
  4430 | D:5      | Found Isegiuq's Antique Armour Emporium.
  4433 | D:5      | Bought a pair of dazzling boots for 247 gold pieces
  4443 | D:5      | Identified the +1 pair of boots of Watchfulness {rCorr Str+2} (You bought it in a shop on level 5 of the Dungeon)
  4562 | D:5      | Reached XP level 7. HP: 40/40 MP: 13/20
  4576 | D:5      | Found a snail-covered altar of Cheibriados.
  4622 | D:5      | Found Nexkenai's Gadget Emporium.
  4838 | D:5      | Found Kics's Distillery.
  4851 | D:5      | Reached ** piety under Vehumet
  4860 | D:5      | Reached skill level 1 in Poison Magic
  4864 | D:5      | Bought a potion of curing for 42 gold pieces
  4885 | D:5      | Found Fualucs's Jewellery Boutique.
  4896 | D:5      | Found a transporter.
  4939 | D:5      | Offered knowledge of Sting by Vehumet.
  5099 | D:5      | Reached skill level 9 in Spellcasting
  5185 | D:5      | Found a hazy altar of Hepliaklqana.
  5225 | D:6      | Reached XP level 8. HP: 45/45 MP: 17/23
  5374 | D:6      | Found a staircase to the Ecumenical Temple.
  5660 | D:6      | Found a shimmering altar of Xom.
  5889 | D:6      | Noticed Grinder
  5925 | D:6      | Killed Grinder
  5925 | D:6      | Reached skill level 1 in Armour
  5925 | D:6      | Reached skill level 10 in Spellcasting
  6354 | D:7      | Reached skill level 1 in Air Magic
  6478 | D:7      | Reached skill level 11 in Spellcasting
  6478 | D:7      | Reached XP level 9. HP: 52/52 MP: 26/26
  6514 | D:7      | Learned a level 2 spell: Ensorcelled Hibernation
  6518 | D:7      | Learned a level 3 spell: Tukima's Dance
  6558 | D:7      | Offered knowledge of Ignite Poison by Vehumet.
  6563 | D:7      | Learned a level 3 spell: Ignite Poison
  6574 | D:7      | Reached skill level 1 in Staves
  6708 | D:7      | Reached skill level 1 in Ice Magic
  6948 | D:7      | Noticed a moth of wrath
  6960 | D:7      | Reached *** piety under Vehumet
  6964 | D:7      | Found a bloodstained altar of Trog.
  6975 | D:7      | Got a bloodstained arbalest
  6977 | D:7      | Identified the cursed +1 arbalest of Faefefyama {speed, Str+3} (You found it on level 7 of the Dungeon)
  7261 | D:8      | Reached skill level 1 in Crossbows
  7263 | D:8      | Noticed a two-headed ogre
  7263 | D:8      | Reached skill level 5 in Conjurations
  7277 | D:8      | Killed a two-headed ogre
  7564 | D:8      | Offered knowledge of Olgreb's Toxic Radiance by Vehumet.
  7605 | D:8      | Learned a level 4 spell: Olgreb's Toxic Radiance
  7680 | D:8      | Noticed a centaur warrior
  7687 | D:8      | Killed a centaur warrior
  7687 | D:8      | Reached skill level 12 in Spellcasting
  7687 | D:8      | Reached XP level 10. HP: 50/58 MP: 28/28
  7907 | D:8      | Killed an unseen horror
  8081 | D:8      | Found a staircase to the Lair.
  8537 | D:9      | Noticed a two-headed ogre
  8549 | D:9      | Killed a two-headed ogre
  8549 | D:9      | Reached skill level 5 in Fighting
  8549 | D:9      | Reached skill level 1 in Transmutations
  9295 | D:10     | Entered Level 10 of the Dungeon
  9391 | D:10     | Noticed a gargoyle
  9391 | D:10     | Noticed a gargoyle
  9427 | D:10     | Killed a gargoyle
  9427 | D:10     | Reached skill level 13 in Spellcasting
  9431 | D:10     | Killed a gargoyle
  9458 | D:10     | Reached **** piety under Vehumet
  9800 | D:10     | Offered knowledge of Fulminant Prism by Vehumet.
  9902 | D:10     | Reached XP level 11. HP: 51/64 MP: 20/30
  9919 | D:10     | Learned a level 4 spell: Fulminant Prism
 10103 | D:10     | Found a roughly hewn altar of Beogh.
 10104 | D:10     | Found a staircase to the Orcish Mines.
 10541 | D:11     | Noticed a purple ugly thing
 10554 | D:11     | Killed a purple ugly thing
 10554 | D:11     | Reached skill level 5 in Fire Magic
 10837 | D:11     | Noticed an enchanted demon blade
 10838 | D:11     | Noticed Joseph
 10838 | D:11     | Noticed an orc knight
 10838 | D:11     | Noticed Erica
 10845 | D:11     | Noticed Snorg
 11263 | D:11     | Noticed a deep elf knight
 11273 | D:11     | Slain by a deep elf knight

Vault maps used:
D:1:      dpeg_arrival_caged_fury, solitary_fountain
D:2:      okawaru_ov_weapons_minmay
D:3:      kennysheep_goblin_castle, lemuel_doored_altar,
          gammafunk_temple_overflow_statue, chequers_ecumenical_altar_simple,
          first_bread
D:4:      nicolae_overflow_crystal_walls, nicolae_tso_carved_into_rock
D:5:      gammafunk_wand_slinger, slow_altar_2, lemuel_round_altar,
          serial_shops, nicolae_shop_trees, nicolae_shop_crystal, shop, shop
D:6:      nicolae_overflow_hidden_temple, minmay_temple_entry_large_hall,
          uniq_grinder
D:7:      tgw_trog, kennysheep_generic_room_15
D:8:      lair_entry_dummy
D:10:     david_orc_5, hangedman_fish_farm
D:11:     sword_in_stone, uniq_snorg

Skill      XL: |  1  2  3  4  5  6  7  8  9 10 11 |
---------------+----------------------------------+-----
Spellcasting   | 5 6 7 8 9 11 12 13 | 13.6
Fighting       | 1 2 3 4 5 |  5.9
Conjurations   | 2 3 4 5 6 |  6.3
Fire Magic     | 1 2 3 4 5 |  5.1
Translocations | 2 |  2.9
Poison Magic   | 1 2 3 |  3.2
Dodging        | 3 |  3.8
Armour         | 1 |  1.7
Air Magic      | 1 2 |  2.3
Staves         | 3 4 |  4.6
Ice Magic      | 1 |  1.0
Crossbows      | 3 4 |  4.3
Transmutations | 1 |  1.7
Axes           | |  0.2
Stealth        | |  2.5
Hexes          | |  0.3
Summonings     | |  1.7

Action                   |  1- 3 |  4- 6 |  7- 9 | 10-12 || total
-------------------------+-------+-------+-------+-------++-------
Melee: Hand axe          |    28 |       |       |       ||    28
       Quarterstaff      |       |     1 |       |       ||     1
       Staff             |       |       |     4 |       ||     4
       Arbalest          |       |       |       |     1 ||     1
 Fire: Arbalest          |       |       |    53 |    52 ||   105
 Cast: Magic Dart        |    77 |    90 |    41 |    33 ||   241
       Call Imp          |     5 |     5 |     4 |     3 ||    17
       Blink             |     1 |     2 |     9 |    15 ||    27
       Mephitic Cloud    |       |    14 |    30 |    68 ||   112
       Conjure Flame     |       |     1 |     1 |       ||     2
       Flame Tongue      |       |    58 |   194 |   159 ||   411
       Ignite Poison     |       |       |     4 |    38 ||    42
       Ensorcelled Hiber |       |       |     2 |     1 ||     3
       Tukima's Dance    |       |       |       |     2 ||     2
       Olgreb's Toxic Ra |       |       |       |     1 ||     1
  Use: Scroll            |     2 |     5 |     8 |     4 ||    19
       Potion            |     2 |     1 |     2 |     9 ||    14
  Eat: Chunk             |     3 |     7 |     9 |     8 ||    27
       Fruit             |       |     1 |     1 |     1 ||     3
Armor: Robe              |     8 |       |       |       ||     8
       Leather armour    |       |     3 |    25 |    39 ||    67
Dodge: Dodged            |    60 |    30 |    74 |    82 ||   246
       Deflected         |       |       |     3 |    18 ||    21

Table legend:
 A = Spawn XP
 B = Non-spawn XP
 C = Spawn XP percentage of total XP
 D = Spawn monster count
 E = Non-spawn monster count
 F = Spawn count percentage of total count
 G = Total turns spent on level
                    A         B        C        D         E        F      G
               +---------+---------+-------+---------+---------+-------+---------
         Total |       0 |   13222 |   0.0 |       0 |     285 |   0.0 | 11273
               +---------+---------+-------+---------+---------+-------+---------
           D:1 |       0 |      50 |   0.0 |       0 |      27 |   0.0 |  1290
           D:2 |       0 |      50 |   0.0 |       0 |      16 |   0.0 |   893
           D:3 |       0 |     182 |   0.0 |       0 |      40 |   0.0 |  1278
           D:4 |       0 |     193 |   0.0 |       0 |      12 |   0.0 |   830
           D:5 |       0 |     865 |   0.0 |       0 |      40 |   0.0 |   928
           D:6 |       0 |    1080 |   0.0 |       0 |      25 |   0.0 |  1073
           D:7 |       0 |    1104 |   0.0 |       0 |      27 |   0.0 |   862
           D:8 |       0 |    3206 |   0.0 |       0 |      18 |   0.0 |  1080
           D:9 |       0 |    2012 |   0.0 |       0 |      16 |   0.0 |  1240
          D:10 |       0 |    2832 |   0.0 |       0 |      52 |   0.0 |  1007
          D:11 |       0 |    1648 |   0.0 |       0 |      12 |   0.0 |   792
               +---------+---------+-------+---------+---------+-------+---------
